 Dungeon Crawl Stone Soup version 0.25-b1-37-g2669288c55 (webtiles) character file.

Game seed: 11951856953683835320

18276 gruber the Basher (level 12, -1/95 HPs)
             Began as a Formicid Abyssal Knight on June 4, 2020.
             Was a High Priest of Lugonu.
             Killed from afar by a catoblepas (3 damage)
             ... with a blast of calcifying dust
             ... on level 1 of the Lair of Beasts.
             The game lasted 00:25:05 (17263 turns).

gruber the Basher (Formicid Abyssal Knight)        Turns: 17263, Time: 00:25:06

Health: -1/95      AC: 16    Str: 21    XL:     12   Next: 93%
Magic:  18/19      EV: 15    Int: 13    God:    Lugonu [*****.]
Gold:   660        SH: 12    Dex: 10    Spells: 18/21 levels left

rFire    . . .     SeeInvis +   z - +0 flail (protect)
rCold    . . .     Gourm    .   U - +0 kite shield (curse)
rNeg     . . .     Faith    +   M - +1 ring mail {rPois}
rPois    +         Spirit   .   (helmet unavailable)
rElec    .         Reflect  .   (no cloak)
rCorr    .         Harm     .   H - +0 pair of gloves
MR       +....                  x - +2 pair of boots
Stlth    ..........             t - amulet of faith
HPRegen  0.25/turn              s - +4 ring of evasion
MPRegen  0.16/turn              u - +4 ring of protection

@: no status effects
A: permanent stasis, dig shafts and tunnels, four strong arms, antennae 3
a: Dig, Shaft Self, Depart the Abyss, Bend Space, Banish, Corrupt, Enter the
Abyss, Renounce Religion


You were on level 1 of the Lair of Beasts.
You worshipped Lugonu.
Lugonu was extremely pleased with you.
You were hungry.

You visited 2 branches of the dungeon, and saw 14 of its levels.
You visited the Abyss 1 time.

You collected 736 gold pieces.
You spent 76 gold pieces at shops.

Inventory:

Hand Weapons
 z - a +0 flail of protection (weapon)
 L - a +1 whip of flaming
 X - a +0 eveningstar
Missiles
 r - 15 poisoned darts (quivered)
Armour
 x - a +2 pair of boots (worn)
 H - a +0 pair of gloves (worn)
 M - a +1 ring mail of poison resistance (worn)
 U - a cursed +0 kite shield (worn)
Jewellery
 g - an uncursed amulet of guardian spirit
 s - a +4 ring of evasion (left hand)
 t - an amulet of faith (around neck)
 u - a +4 ring of protection (right hand)
 C - an uncursed amulet of reflection
 E - an uncursed ring of resist corrosion
 R - a +6 ring of intelligence
 Y - a +4 ring of evasion
 Z - an uncursed amulet of magic regeneration {unknown}
Wands
 b - a wand of digging (8)
 q - a wand of iceblast (1)
 w - a wand of paralysis (16)
 K - a wand of enslavement (10)
 V - a wand of flame (23)
 W - a wand of polymorph (9)
Scrolls
 e - 8 scrolls of identify
 h - 6 scrolls of remove curse {unknown}
 l - 5 scrolls of fog {unknown}
 m - a scroll of enchant weapon {unknown}
 n - 4 scrolls of blinking {unknown}
 o - a scroll of holy word {unknown}
 p - 2 scrolls of noise {unknown}
 y - 4 scrolls of immolation {unknown}
 A - 3 scrolls of amnesia {unknown}
 I - a scroll of magic mapping {unknown}
 N - 2 scrolls of fear {unknown}
 P - a scroll of enchant armour {unknown}
 T - 2 scrolls of random uselessness {unknown}
Potions
 a - 3 potions of degeneration {unknown}
 d - 2 potions of heal wounds
 f - 3 potions of haste {unknown}
 i - a potion of stabbing {unknown}
 j - 3 potions of might {unknown}
 k - 3 potions of curing {unknown}
 v - 2 potions of mutation {unknown}
 B - a potion of brilliance {unknown}
 D - a potion of cancellation {unknown}
 F - 3 potions of lignification {unknown}
 G - 3 potions of flight {unknown}
 J - a potion of berserk rage {unknown}
 Q - 2 potions of invisibility
 S - 2 potions of magic {unknown}
Comestibles
 c - 19 rations
 O - 3 chunks of flesh


   Skills:
 * Level 9.2 Fighting
   Level 2.0 Long Blades
 - Level 12.1 Maces & Flails
 - Level 8.1 Armour
 - Level 0.8 Dodging
 - Level 10.0 Shields
 - Level 5.1 Spellcasting
 - Level 3.2 Conjurations
 - Level 4.0 Air Magic
 - Level 6.1 Poison Magic
 - Level 10.0 Invocations
 - Level 0.1 Evocations


You had 18 spell levels left.
You knew the following spells:

 Your Spells              Type           Power        Failure   Level  Hunger
a - Mephitic Cloud        Conj/Pois/Air  ##......     14%         3    ###....

Your spell library contained the following spells:

 Spells                   Type           Power        Failure   Level  Hunger
 Magic Dart               Conj           ##..         8%          1    None
 Searing Ray              Conj           ##....       12%         2    ##.....
 Foxfire                  Conj/Fire      #...         14%         1    None
 Spider Form              Tmut/Pois      ##........   24%         3    ###....
 Beastly Appendage        Tmut           #.....       28%         1    None
 Summon Small Mammal      Summ           #...         28%         1    None
 Call Imp                 Summ           #.......     38%         2    ##.....
 Slow                     Hex            #.......     38%         2    ##.....
 Sticks to Snakes         Tmut           #.......     38%         2    ##.....
 Conjure Flame            Conj/Fire      #.......     41%         3    ###....
 Dazzling Flash           Conj/Hex       #.....       41%         3    ###....
 Call Canine Familiar     Summ           #.......     63%         3    ###....
 Inner Flame              Hex/Fire       #.......     63%         3    ###....
 Summon Guardian Golem    Hex/Summ       #.......     63%         3    ###....
 Summon Lightning Spire   Summ/Air       #.......     77%         4    ####...
 Fulminant Prism          Conj/Hex       #.........   82%         4    ####...
 Iskenderun's Mystic Bla  Conj/Tloc      #.......     82%         4    ####...
 Sticky Flame             Conj/Fire      #.......     82%         4    ####...
 Cause Fear               Hex            #.........   95%         4    ####...
 Ice Form                 Ice/Tmut       #.......     95%         4    ####...
 Summon Ice Beast         Ice/Summ       #.......     95%         4    ####...
 Silence                  Hex/Air        #.........   98%         5    ######.
 Fireball                 Conj/Fire      #.........   99%         5    ######.
 Blade Hands              Tmut           #.........   100%        5    ######.
 Yara's Violent Unravell  Hex/Tmut       #.........   100%        5    ######.
 Discord                  Hex            #.........   100%        8    #######
 Blink                    Tloc           Unusable     N/A         2    N/A

Dungeon Overview and Level Annotations

Branches:
Dungeon (13/15)            Temple (0/1) D:4            Lair (1/6) D:10
    Orc (0/2) D:9
 Vaults: D:13-14

Altars:
Ashenzari
Cheibriados
Elyvilon
Nemelex Xobeh
Qazlal
Sif Muna
Trog
Vehumet
Wu Jian
Beogh

Shops:
D:8 :   D:10 =   D:11 (

Portals:
Trove: D:11 (give +4 demon blade)

Annotations:
D:8 2 transporters, Jaiteiro's ghost, novice MiFi


Innate Abilities, Weirdness & Mutations

You cannot be hasted, slowed, berserked, paralysed or teleported.
You can dig through walls and to a lower floor.
Your four strong arms can wield two-handed weapons with a shield.
You have a pair of large antennae on your head. (SInv)


Message History

The catoblepas gores you!
* * * LOW HITPOINT WARNING * * *
You hit the catoblepas but do no damage.
The catoblepas is almost dead.
The catoblepas gores you.
* * * LOW HITPOINT WARNING * * *
You barely miss the catoblepas.
The catoblepas is almost dead.
The fungus is no longer petrified.
The catoblepas breathes a plume of calcifying dust at you.
The blast of calcifying dust hits you but does no damage.
The catoblepas breathes a plume of calcifying dust at you.
The blast of calcifying dust hits you but does no damage.
The catoblepas gores you!
* * * LOW HITPOINT WARNING * * *
Space bends around you!
You blink.
Space bends around you!
You blink.
The catoblepas breathes a plume of calcifying dust at you.
The blast of calcifying dust hits you.
You die...

...##....).......#.....#...#
...#.....##......#.........#
...#.....##......#.##+#Y...#
....###..##.................
...##.#..#...........§.....#
....................§......#
..................§........#
.................§.........#
................@..........#
.................###.###...#
.......P##.......###.P##...#
....#......#...............#
............(....##...#P...#
....#......#..........##...##
....P......#.....###.###....#
...........#.....###..##...##
....#.###P.#...............#


There were no monsters in sight!

Vanquished Creatures
  Erica (D:9)
  A centaur warrior (D:13)
  4 two-headed ogres
  An unseen horror (D:10)
  Pikel (D:6)
  An ugly thing (D:11)
  A slime creature (D:13)
  A cyclops (D:11)
  2 spiny frogs (Lair:1)
  3 komodo dragons (Lair:1)
  A troll (D:6)
  2 hippogriffs
  Sigmund (D:6)
  A water elemental (D:13)
  4 hungry ghosts
  A steam dragon (D:10)
  Edmund (D:4)
  5 water moccasins
  A porcupine (Lair:1)
  3 black bears
  6 orc warriors
  2 sky beasts
  A slave (D:6)
  4 phantoms
  4 ice beasts
  A necrophage (D:5)
  10 centaurs
  6 ogres
  8 wolves (Lair:1)
  3 big kobolds
  Blork the orc (D:5)
  10 bullfrogs
  A water moccasin skeleton (D:8)
  5 scorpions
  19 killer bees
  5 wights (D:12)
  2 electric eels (D:13)
  3 howler monkeys
  4 crimson imps
  A centaur zombie (D:5)
  A jelly (D:10)
  4 bullfrog skeletons
  8 hounds
  8 orc priests
  3 orc wizards
  A centaur skeleton (D:9)
  3 iguanas
  5 worker ants
  3 hound skeletons
  A worker ant zombie (D:6)
  2 howler monkey skeletons
  12 adders
  9 gnolls
  A shadow imp (D:7)
  An ooze (D:1)
  3 adder skeletons
  4 adder zombies
  A worm (D:5)
  3 dart slugs
  8 leopard geckos
  63 orcs
  5 giant cockroaches
  6 goblins
  4 hobgoblins
  12 jackals
  8 quokkas
  A ball python (D:1)
  5 bats
  5 frilled lizards
  A jackal skeleton (D:4)
  20 kobolds
  A quokka skeleton (D:5)
  A quokka zombie (D:5)
  8 rats
353 creatures vanquished.

Vanquished Creatures (collateral kills)
  A worker ant (D:6)
1 creature vanquished.

Vanquished Creatures (others)
  A hydra (D:13)
  A phantasmal warrior (D:13)
  A deep elf mage (D:9)
  A freezing wraith (D:13)
  2 slaves (D:6)
  An orc priest (D:6)
  A hound (D:6)
  A fungus (D:10)
9 creatures vanquished.

Grand Total: 363 creatures vanquished

Notes
Turn   | Place    | Note
-------+----------+-------------------------------------------
     0 | Abyss:1  | gruber the Formicid Abyssal Knight began the quest for the
                  | Orb.
     0 | Abyss:1  | Reached XP level 1. HP: 18/18 MP: 2/2
    47 | Abyss:1  | Found an ornate altar of the Wu Jian Council.
    73 | Abyss:1  | Noticed a white very ugly thing
    74 | D:1      | Escaped the Abyss
   149 | D:1      | Reached XP level 2. HP: 11/25 MP: 3/3
   447 | D:1      | Reached * piety under Lugonu
   751 | D:1      | Reached XP level 3. HP: 29/31 MP: 2/4
  1378 | D:2      | Reached skill level 5 in Fighting
  1574 | D:2      | Reached XP level 4. HP: 36/39 MP: 5/5
  1881 | D:3      | Found a snail-covered altar of Cheibriados.
  2012 | D:3      | Found a faded altar of an unknown god.
  2107 | D:3      | Reached XP level 5. HP: 42/46 MP: 6/6
  2114 | D:3      | Reached ** piety under Lugonu
  2235 | D:3      | Found a shimmering blue altar of Sif Muna.
  2855 | D:3      | Found a white marble altar of Elyvilon.
  3094 | D:4      | Noticed a phantom
  3115 | D:4      | Killed a phantom
  3115 | D:4      | Reached XP level 6. HP: 45/55 MP: 7/7
  3289 | D:4      | Found a staircase to the Ecumenical Temple.
  3485 | D:4      | Noticed a phantom
  3544 | D:4      | Killed a phantom
  3544 | D:4      | Reached XP level 7. HP: 9/63 MP: 8/8
  3921 | D:4      | Reached skill level 1 in Shields
  5025 | D:4      | Noticed Edmund
  5082 | D:4      | Killed Edmund
  5082 | D:4      | Reached skill level 5 in Shields
  5082 | D:4      | Reached XP level 8. HP: 62/69 MP: 9/9
  5129 | D:4      | Reached *** piety under Lugonu
  5277 | D:5      | Entered Level 5 of the Dungeon
  5704 | D:5      | Found a shattered altar of Ashenzari.
  5928 | D:5      | Reached skill level 1 in Maces & Flails
  6127 | D:5      | Reached skill level 2 in Maces & Flails
  6338 | D:5      | Reached skill level 4 in Maces & Flails
  6353 | D:5      | Noticed Blork the orc
  6366 | D:5      | Killed Blork the orc
  6366 | D:5      | Reached XP level 9. HP: 66/75 MP: 10/10
  6368 | D:5      | Reached skill level 5 in Maces & Flails
  6484 | D:5      | Reached skill level 6 in Maces & Flails
  6518 | D:5      | Found a bloodstained altar of Trog.
  6584 | D:5      | Reached skill level 7 in Maces & Flails
  6791 | D:6      | Noticed Sigmund
  6816 | D:6      | Killed Sigmund
  6816 | D:6      | Reached skill level 8 in Maces & Flails
  6962 | D:6      | Reached skill level 9 in Maces & Flails
  7094 | D:6      | Found an ornate altar of the Wu Jian Council.
  7094 | D:6      | Noticed Pikel
  7133 | D:6      | Reached **** piety under Lugonu
  7140 | D:6      | Killed Pikel
  7140 | D:6      | Reached skill level 11 in Maces & Flails
  7493 | D:6      | Noticed a troll
  7501 | D:6      | Reached XP level 10. HP: 55/82 MP: 11/11
  7656 | D:6      | Reached skill level 12 in Maces & Flails
  7856 | D:6      | Found a bloodstained altar of Trog.
  8314 | D:7      | Found a radiant altar of Vehumet.
  8380 | D:7      | Reached skill level 5 in Armour
  9020 | D:8      | Found a transporter.
  9026 | D:8      | Noticed Jaiteiro's ghost (novice MiFi)
  9035 | D:8      | Noticed a necromancer
  9059 | D:8      | Found a transporter.
  9101 | D:8      | Found a sparkling altar of Nemelex Xobeh.
  9469 | D:8      | Found Qetupn's Book Shop.
  9911 | D:9      | Noticed a two-headed ogre
 10058 | D:9      | Reached ***** piety under Lugonu
 10716 | D:9      | Reached skill level 5 in Invocations
 10729 | D:9      | Reached XP level 11. HP: 83/87 MP: 14/14
 10861 | D:9      | Killed a two-headed ogre
 11153 | D:9      | Found a roughly hewn altar of Beogh.
 11153 | D:9      | Found a staircase to the Orcish Mines.
 11222 | D:9      | Noticed Erica
 11238 | D:9      | Killed Erica
 11392 | D:9      | Noticed a deep elf mage
 11394 | D:9      | Banished a deep elf mage
 11461 | D:10     | Entered Level 10 of the Dungeon
 11600 | D:10     | Reached skill level 10 in Invocations
 11744 | D:10     | Noticed an unseen horror
 11761 | D:10     | Killed an unseen horror
 11953 | D:10     | Noticed a two-headed ogre
 11975 | D:10     | Killed a two-headed ogre
 12074 | D:10     | Found Bettaph's Jewellery Shoppe.
 12083 | D:10     | Bought a cursed ring of attention for 76 gold pieces
 12088 | D:10     | Learned a level 3 spell: Mephitic Cloud
 12519 | D:10     | Found a staircase to the Lair.
 12534 | D:10     | Reached skill level 10 in Shields
 12644 | D:10     | Reached skill level 1 in Poison Magic
 12821 | D:11     | Reached skill level 1 in Spellcasting
 12924 | D:11     | Found Vuwo's Weapon Shop.
 12961 | D:11     | Noticed a cyclops
 13004 | D:11     | Killed a cyclops
 13208 | D:11     | Noticed a green ugly thing
 13247 | D:11     | Killed a green ugly thing
 13247 | D:11     | Reached XP level 12. HP: 83/94 MP: 19/19
 13609 | D:11     | You fall into a shaft and drop 2 floors!
 13710 | D:13     | Noticed a two-headed ogre
 13730 | D:13     | Killed a two-headed ogre
 13826 | D:13     | Found a sparkling altar of Nemelex Xobeh.
 13848 | D:13     | Reached skill level 5 in Poison Magic
 13983 | D:13     | Noticed an eight-headed hydra
 13988 | D:13     | Banished an eight-headed hydra
 14251 | D:13     | Noticed a centaur warrior
 14278 | D:13     | Killed a centaur warrior
 14478 | D:13     | Reached skill level 5 in Spellcasting
 14550 | D:13     | Noticed a two-headed ogre
 14563 | D:13     | Reached skill level 1 in Conjurations
 14574 | D:13     | Killed a two-headed ogre
 15184 | D:13     | Reached skill level 1 in Air Magic
 15432 | D:13     | Noticed a death knight
 15829 | D:11     | Found a portal to a secret trove of treasure.
 16149 | Lair:1   | Entered Level 1 of the Lair of Beasts
 16933 | Lair:1   | Found a stormy altar of Qazlal.
 17224 | Lair:1   | Noticed a catoblepas
 17257 | Lair:1   | HP: 4/95 [catoblepas (7)]
 17263 | Lair:1   | Killed from afar by a catoblepas

Illustrated notes

Levels and vault maps discovered:
D:1:      nicolae_arrival_washed_ashore, layout_loops_ring
D:2:      layout_rooms, st_stairs_12, minmay_misc_feat_alley
D:3:      layout_basic, cheibriados_altar_1, old_standard_altar,
          lemuel_coloured_pillars_altar, chequers_ecumenical_altar_island,
          kennysheep_generic_room_9
D:4:      layout_loops_ring, minmay_temple_entry_waves, first_ration,
          serial_co_window_serial, co_window_corner_a,
          co_window_of_opportunity_a, co_window_paths_a, co_window_paths_a,
          co_window_paths_b, co_window_corner_ca, co_window_unsneaky_path_c,
          co_window_of_opportunity_c, co_window_unsneaky_path_e,
          co_window_corner_b, co_window_paths_e, hangedman_feature_mirror,
          minmay_fractal_squares_diagonal_5, uniq_edmund
D:5:      layout_basic, kennysheep_little_box, lemuel_crystal_altar,
          serial_curves, eino_curves_03, eino_curves_01, eino_curves_02,
          eino_curves_02, mrwooster_statue_mirror, minmay_manual_mares,
          uniq_blork_the_orc
D:6:      layout_basic, overflow_temple_1_default, trog_book, uniq_sigmund,
          uniq_pikel
D:7:      layout_loops_ring, basic_altar
D:8:      layout_basic, nemelex_xobeh_ov_fountains_minmay, serial_shops,
          shop_fountains, gammafunk_ghost_arena
D:9:      layout_roguey, david_orc_5, blue_anna_alchemist
          [blue_anna_fruit_fields, blue_anna_fruit_fields],
          guppyfry_early_elven_hall, uniq_erica
D:10:     layout_basic, grunt_lair_entry_orc_guard_hut, serial_shops,
          nicolae_shop_waterfront
D:11:     layout_irregular_city, nicolae_trove_entry_diagonal, serial_shops,
          shop
D:12:     layout_small_grid, serial_co_window_serial, co_window_corner_a,
          co_window_of_opportunity_a, co_window_cross_1, co_window_paths_a,
          co_window_paths_a, co_window_corner_b, co_window_corner_b,
          co_window_corner_b, co_window_2corner, kennysheep_generic_room_16
D:13:     layout_basic, david_vaults_4, nemelex_diamond_rough_becter
Lair:1:   layout_regular_city, basic_altar, infiniplex_staircase_pool

Skill      XL: |  1  2  3  4  5  6  7  8  9 10 11 12 |
---------------+-------------------------------------+-----
Fighting       | 4 5 7 8 9 |  9.2
Shields        | 5 8 10 | 10.0
Maces & Flails | 4 11 12 | 12.1
Armour         | 8 |  8.1
Invocations    | 5 10 | 10.0
Poison Magic   | 3 6 |  6.1
Spellcasting   | 2 5 |  5.1
Conjurations   | 3 |  3.2
Air Magic      | 4 |  4.0
Long Blades    | |  2.0
Dodging        | |  0.8
Evocations     | |  0.1

Action                   |  1- 3 |  4- 6 |  7- 9 | 10-12 || total
-------------------------+-------+-------+-------+-------++-------
Melee: Falchion          |    89 |   161 |   273 |       ||   523
       Flail             |       |       |   228 |  1293 ||  1521
Throw: Dart              |       |    10 |     7 |    21 ||    38
Invok: Depart the Abyss  |     1 |       |       |       ||     1
       Banish            |       |       |       |     6 ||     6
       Bend Space        |       |       |       |     2 ||     2
 Abil: Dig               |     3 |       |     4 |     8 ||    15
Evoke: Wand              |       |     2 |    13 |       ||    15
  Use: Potion            |       |       |     2 |       ||     2
       Scroll            |       |       |       |     2 ||     2
  Eat: Chunk             |     3 |     6 |    14 |    29 ||    52
       Ration            |       |       |     2 |     3 ||     5
Armor: Leather armour    |    33 |    30 |   141 |       ||   204
       Ring mail         |       |       |     2 |   333 ||   335
Dodge: Dodged            |    54 |   107 |   290 |   551 ||  1002
Block: Buckler           |       |     4 |   116 |    60 ||   180
       Kite shield       |       |       |       |   431 ||   431
       Rpst.: Falchion   |    13 |    37 |    54 |       ||   104
